 Dungeon Crawl Stone Soup version 0.30-a0-782-ge64f9170bb (webtiles) character file.

Game seed: 18073932467129964114

103 Leeroy the Slasher (level 4, -3/23 HPs)
             Began as a Vine Stalker Monk on Feb 26, 2023.
             Slain by a gnoll
             ... wielding a +0 flail
              (6 damage)
             ... on level 3 of the Dungeon.
             The game lasted 00:04:09 (1668 turns).

Leeroy the Slasher (Vine Stalker Monk)              Turns: 1668, Time: 00:04:10

Health: -3/23      AC:  2    Str: 13    XL:     4   Next: 79%
Magic:  0/5        EV: 13    Int: 10    God:
Gold:   141        SH:  0    Dex: 19    Spells: 3/3 levels left

rFire   . . .      SeeInvis .    a - +0 falchion
rCold   . . .      Faith    +    (no shield)
rNeg    . . .      Spirit   +    b - +0 robe
rPois   +          Reflect  .    (no helmet)
rElec   .          Harm     .    (no cloak)
rCorr   .          Rampage  .    (no gloves)
Will    .....                    (no boots)
Stlth   ++                       p - amulet of faith
HPRegen 1.03/turn                o - ring of poison resistance
MPRegen 0.09/turn                (no ring)

@: no status effects
A: fangs 2, regeneration 1, magic shield, antimagic bite, no potion heal 2
a: no special abilities


You were on level 3 of the Dungeon.
You visited 1 branch of the dungeon, and saw 3 of its levels.

You collected 141 gold pieces.

Inventory:

Hand Weapons
 a - a +0 falchion (weapon)
Missiles
 t - 6 poisoned darts (quivered)
Armour
 b - a +0 robe (worn)
Jewellery
 o - a ring of poison resistance (left hand)
 p - an amulet of faith (around neck)
Scrolls
 d - a scroll of amnesia {unknown}
 e - 2 scrolls of blinking {unknown}
 f - 4 scrolls of identify {unknown}
 h - a scroll of enchant armour {unknown}
 n - a scroll of immolation {unknown}
Potions
 c - a potion of ambrosia
 g - a potion of cancellation {unknown}
 i - 2 potions of might {unknown}
 j - a potion of lignification {unknown}
 k - a potion of brilliance {unknown}
 l - a potion of mutation {unknown}
 m - a potion of degeneration {unknown}
 q - a potion of invisibility {unknown}
 r - a potion of heal wounds {unknown}
 s - a potion of curing {unknown}
 u - a potion of flight {unknown}


   Skills:
 - Level 2.6 Fighting
 + Level 4.9 Long Blades
 - Level 2.4 Dodging
 - Level 2.4 Stealth


You had 3 spell levels left.
You didn't know any spells.
Your spell library was empty.

Dungeon Overview and Level Annotations

Branches:
Dungeon (3/15)

Altars:


Innate Abilities, Weirdness & Mutations

You have extremely sharp teeth.
Your natural rate of healing is unusually fast.
When hurt, damage is shared between your health and your magic reserves.
Your bite disrupts and absorbs the magic of your enemies.
Potions cannot restore your health.


Message History

Found a stone staircase leading down.
You now have 141 gold pieces (gained 9).
Key pressed, stopping explore.
You open the door.
Found a mace.
There is an open door here.
There is an open door here.
A gnoll comes into view. It is wielding a +0 flail.
A gnoll is nearby!
The gnoll shouts!
You hear a shout!
A gnoll comes into view. It is wielding a +0 spear.
The gnoll shouts!
You slash the gnoll! Your bite misses the gnoll.
The gnoll is heavily wounded.
You hear a shout!
The gnoll closely misses you.
You hit the gnoll but do no damage.
The gnoll is heavily wounded.
You barely miss the gnoll. You bite the gnoll, but do no damage.
The gnoll is heavily wounded.
The gnoll hits you from afar with a +0 spear!
A gnoll comes into view. It is wielding a +0 whip.
The gnoll hits you with a +0 flail!
You are too injured to fight recklessly!
You are too injured to fight recklessly!
You are too injured to fight recklessly!
You are too injured to fight recklessly!
Found a viscous coppery potion.
The gnoll hits you with a +0 spear.
* * * LOW HITPOINT WARNING * * *
The gnoll misses you.
The gnoll hits you from afar with a +0 spear.
* * * LOW HITPOINT WARNING * * *
The gnoll misses you. The gnoll closely misses you.
The gnoll attacks as you move away! The gnoll hits you with a +0 flail!
* * * LOW HITPOINT WARNING * * *
You barely miss the gnoll.
The gnoll is heavily wounded.
The gnoll hits you but does no damage. The gnoll hits you with a +0 flail.
You die...

### #.# #... #.. ...
#...
###.#######.#####..
..#....!...........
#.#..# #####.....#
#.#..# #.........#
#.#gg# #.###..##.#
####.#g.####.####....#
#....@............#..#
#.##.#######......#...
#.##.# #.......>.#
#.##.#######......#...
#.........##......####
####.####.##......#
###'## #.##..###.####
#....###....## #.....
#)...+....### ####..


You could see 3 gnolls.

Vanquished Creatures
  An orc priest (D:2)
  2 adders (D:2)
  2 worms (D:2)
  3 dart slugs (D:1)
  4 orcs (D:2)
  A ball python (D:2)
  An endoplasm (D:1)
  2 giant cockroaches (D:1)
  6 hobgoblins
  A quokka (D:1)
  5 bats
  3 goblins
  5 kobolds
  5 rats
41 creatures vanquished.

Notes
Turn   | Place    | Note
-------+----------+-------------------------------------------
     0 | D:1      | Leeroy the Vine Stalker Monk began the quest for the Orb.
     0 | D:1      | Reached XP level 1. HP: 11/11 MP: 2/2
   109 | D:1      | Reached skill level 3 in Long Blades
   117 | D:1      | Reached XP level 2. HP: 16/16 MP: 3/3
   508 | D:1      | Reached XP level 3. HP: 15/19 MP: 4/4
  1026 | D:2      | Reached skill level 4 in Long Blades
  1026 | D:2      | Gained mutation: Your natural rate of healing is unusually
                  | fast. [Vine Stalker growth]
  1026 | D:2      | Reached XP level 4. HP: 1/23 MP: 1/5
  1667 | D:3      | HP: 1/23 [gnoll/+0 flail (7)]
  1668 | D:3      | Slain by a gnoll

Illustrated notes

Levels and vault maps discovered:
D:1:      psy_arrival_whirlpool, layout_basic, grunt_decor_resistance,
          minmay_box_of_dots
D:2:      layout_basic, corexii_corridor_pit
D:3:      layout_basic, gammafunk_ghost_nasty_kobolds

Skill      XL: |  1  2  3 |
---------------+----------+-----
Long Blades    | 3 4 |  4.9
Fighting       | |  2.6
Dodging        | |  2.4
Stealth        | |  2.4

Action                     |  1- 3 |  4- 6 || total
---------------------------+-------+-------++-------
  Melee: Falchion          |    59 |    46 ||   105
         Bite              |    14 |    12 ||    26
         Punch             |     1 |       ||     1
   Stab: Sleeping          |     5 |     3 ||     8
 Armour: Robe              |    10 |     5 ||    15
  Dodge: Dodged            |    29 |    29 ||    58

Table legend: (Time is in decaauts)
 A = Elapsed time spent in this place.
 B = Non-inter-level travel time spent in this place.
 C = Inter-level travel time spent in this place.
 D = Time resting spent in this place.
 E = Time spent auto-exploring this place.
 F = Levels seen in this place.
 G = Mean time per level.
                   A        B        C        D        E       F      G
               +--------+--------+--------+--------+--------+-----+--------+
         Total |   1681 |   1607 |     74 |      0 |   1299 |   3 |  560.3 |
       Dungeon |   1681 |   1607 |     74 |      0 |   1299 |   3 |  560.3 |
               +--------+--------+--------+--------+--------+-----+--------+

Top non-repeatable levels by time:
     D:1: 993 daAuts
     D:2: 594 daAuts
     D:3: 93 daAuts
